 Dungeon Crawl Stone Soup version 0.16-a0-3178-g2c88c44 (webtiles) character file.

991 RobertPalmer the Prestidigitator (level 8, 0/48 HPs)
             Began as an Octopode Artificer on Dec 16, 2014.
             Succumbed to Malachi's ghost's poison
             ... on level 4 of the Dungeon.
             The game lasted 00:07:51 (4579 turns).

RobertPalmer the Prestidigitator (OpAr)             Turns: 4579, Time: 00:07:51

Health: 0/48       AC:  1    Str: 10    XL:     8   Next: 18%
Magic:  19/21      EV: 12    Int: 14    God:
Gold:   245        SH:  0    Dex: 15    Spells: 0 memorised, 7 levels left

rFire  . . .     SeeInvis .     a - +6 short sword (holy)
rCold  . . .     Clarity  .     (no shield)
rNeg   . . .     SustAb   .     (helmet restricted)
rPois  .         Gourm    .     (no amulet)
rElec  .         Spirit   .     (no ring)
rCorr  .         Warding  .     (no ring)
rMut   .         Stasis   .     (no ring)
MR     .....                    (no ring)
Stlth  +++.......               (no ring)
                                (no ring)
                                (no ring)
                                (no ring)

@: lethally poisoned, exhausted, slowed, very slow, not resistant to hostile
enchantments, fairly stealthy
A: almost no armour, amphibious, 8 rings, constrict 8, camouflage 1, gelatinous
body 1
a: no special abilities


You were on level 4 of the Dungeon.
You were not hungry.

You visited 1 branch of the dungeon, and saw 4 of its levels.

You collected 245 gold pieces.


Innate Abilities, Weirdness & Mutations

You cannot wear most types of armour.
You are amphibious.
You can wear up to eight rings at the same time.
You can use your tentacles to constrict many enemies at once.
Your skin changes colour to match your surroundings (Stealth).
Your rubbery body absorbs attacks (AC +1).


   Skills:
 - Level 1.0 Fighting
 - Level 1.0 Short Blades
 - Level 2.0 Dodging
 - Level 1.3 Stealth
 + Level 11.3 Evocations


You had 7 spell levels left.
You didn't know any spells.

Inventory:

Hand weapons
 a - a +6 short sword of holy wrath (weapon)
Armour
 p - a +0 cloak
Jewellery
 j - an uncursed amulet of faith {unknown}
 s - an uncursed ring of stealth {unknown}
Magical devices
 b - a wand of flame (0)
 c - a wand of enslavement (9)
 d - a wand of random effects (11)
Scrolls
 e - 2 scrolls of remove curse {unknown}
 h - a scroll of blinking {unknown}
 i - a scroll of fear {unknown}
 k - a scroll of enchant armour {unknown}
 m - 3 scrolls of teleportation {unknown}
 t - 2 scrolls of amnesia
Potions
 l - a potion of brilliance
 n - a potion of curing
 r - a potion of cure mutation
 u - a potion of resistance {unknown}
Comestibles
 f - 5 bread rations
 g - 4 meat rations
 q - a beef jerky

Dungeon Overview and Level Annotations

Branches:
Dungeon (4/15)
 Temple: D:4-7

Altars:
Cheibriados
Dithmenos
Ru

...# ♣..♣.####.###.####.# ####
♣♣..♣## ##(..## #.# ♣.♣♣♣ #...#
#.# ♣.♣♣♣#####♣♣♣♣♣♣###.########
#####♣♣.♣♣.............#.........
#.(..♣♣.♣.#####♣♣♣♣♣♣#.#########.
#.##....#.# #.# #.######....
#(#.......# #.#####........##.
#.PP......# #x#........#######
#.P..P....# #.#.###.##.# ##.#
#.P♣..P...## #.#.# #.##.# ##..)
#.PP♣♣.....## #.#.# #.##.###....
##..♣♣.P....## #.#.###.##........
.....PP......###........#..##....
###P.♣♣PP...#...........#..###...
##..PP♣........#.###..#..# ##..
#.......##.##.#.# #..#..# ###


There were no monsters in sight!


Message History

Malachi's ghost hits you!
* * * LOW HITPOINT WARNING * * *
You are lethally poisoned!
You miss Malachi's ghost.
Malachi's ghost is almost destroyed.
* * * LOW HITPOINT WARNING * * *
You feel sick.
You hit Malachi's ghost.
You destroy Malachi's ghost!
Your Evocations skill increases to level 11!
You have reached level 8!
Your life force feels restored.
* * * LOW HITPOINT WARNING * * *
You feel sick.
You are too berserk!
* * * LOW HITPOINT WARNING * * *
You feel sick.
You feel a strong urge to attack something.
* * * LOW HITPOINT WARNING * * *
You feel sick.
Unknown command.
* * * LOW HITPOINT WARNING * * *
You feel sick.
Unknown command.
You feel your anger subside.
Unknown command.
You are no longer berserk.
You are exhausted.
You feel yourself slow down.
You die...

Action                   |  1- 3 |  4- 6 |  7- 9 || total
-------------------------+-------+-------+-------++-------
Melee: Short sword       |    74 |   134 |    38 ||   246
Evoke: Wand              |     3 |    15 |     7 ||    25
  Use: Scroll            |       |     4 |       ||     4
       Potion            |       |     2 |     1 ||     3
 Stab: Sleeping          |     7 |     5 |     2 ||    14
  Eat: Chunk             |     1 |     8 |     3 ||    12

Vault maps used:
D:1:      minmay_arrival_nine_rooms, st_stairs_5
D:2:      nicolae_ru_the_path_less_chosen
D:3:      gammafunk_temple_overflow_pools, first_bread, uniq_terence
D:4:      serial_forest, infiniplex_forest_straight_2,
          infiniplex_forest_clump_curved, infiniplex_forest_diagonal,
          infiniplex_forest_zigzag_1, infiniplex_forest_lined_1,
          infiniplex_forest_clump_diagonal, infiniplex_forest_lined_corner

Notes
Turn   | Place    | Note
--------------------------------------------------------------
     0 | D:1      | RobertPalmer, the Octopode Artificer, began the quest for the Orb.
     0 | D:1      | Reached XP level 1. HP: 13/13 MP: 1/1
   117 | D:1      | Reached skill level 4 in Evocations
   117 | D:1      | Reached XP level 2. HP: 8/18 MP: 3/3
   450 | D:1      | Reached XP level 3. HP: 20/23 MP: 5/5
   555 | D:1      | Reached skill level 5 in Evocations
  1267 | D:2      | Reached XP level 4. HP: 24/28 MP: 7/7
  1407 | D:2      | Reached skill level 6 in Evocations
  1965 | D:2      | Found a sacrificial altar of Ru.
  2120 | D:2      | Reached XP level 5. HP: 22/33 MP: 10/10
  2372 | D:3      | Found a snail-covered altar of Cheibriados.
  2373 | D:3      | Found a shadowy altar of Dithmenos.
  2436 | D:3      | Noticed Terence
  2449 | D:3      | Killed Terence
  2693 | D:3      | Noticed trelanon's ghost (average VSAs)
  2703 | D:3      | Killed trelanon's ghost
  2703 | D:3      | Reached skill level 7 in Evocations
  2744 | D:3      | Reached XP level 6. HP: 31/38 MP: 13/13
  3031 | D:3      | Reached skill level 8 in Evocations
  3310 | D:4      | Noticed Malachi's ghost (experienced DrCK)
  3601 | D:4      | Reached skill level 9 in Evocations
  3661 | D:4      | Reached XP level 7. HP: 29/43 MP: 17/17
  4520 | D:4      | Reached skill level 10 in Evocations
  4572 | D:4      | HP: 5/64 [Malachi's ghost (9)]
  4574 | D:4      | Killed Malachi's ghost
  4574 | D:4      | Reached skill level 11 in Evocations
  4574 | D:4      | Reached XP level 8. HP: 5/48 MP: 19/21
  4576 | D:4      | HP: 2/72 [poisoned by Malachi's ghost]
  4579 | D:4      | Succumbed to Malachi's ghost's poison

Vanquished Creatures
  The ghost of Malachi the Ducker, an experienced DrCK of Xom (D:4)
  A phantom (D:4)
  An ogre (D:4)
  The ghost of trelanon the Sneak, an average VSAs (D:3)
  2 scorpions (D:4)
  A giant frog skeleton (D:4)
  2 orc priests
  2 worker ants (D:4)
  Terence (D:3)
  A hound skeleton (D:4)
  6 adders
  A gnoll (D:1)
  4 worms
  A giant mite (D:2)
  5 giant geckos
  An ooze (D:2)
  3 orcs (D:3)
  4 ball pythons
  14 bats
  9 giant cockroaches
  9 goblins
  14 hobgoblins
  2 jackals (D:3)
  7 kobolds
  A giant gecko skeleton (D:4)
  3 giant newts
  11 rats
108 creatures vanquished.
